AoeStats
← gxwtixo

Arabia

507710878Analyzed
1v1 RM · 11d ago on Sep 19, 2026· 23m 43s· 2 players
Game mode
Random Map
Map size
Tiny (2 player)
Population
200
Speed
Normal
Resources
Standard
Victory
Conquest
Starting age
Dark Age
Ending age
Imperial Age
RankedLock teamsTeams togetherTeam positionsShared explorationLock speedFull tech treeHidden civsTurbo modeCheats
Victory
Defeat
🇷🇺 Bulgarians · Russia
1012
+15
🇨🇳 Mongols · China
1000
-45
gxwtixo
11:27 Feudal Age
16:00 Double-Bit Axe
17:30 Bloodlines
17:21 Gold Mining
17:21 Stone Mining
20:32 Castle Age
21:41 Scale Mail Armor
유독한 사람
9:09 Loom
11:18 Feudal Age
15:09 Castle Age
15:06 Horse Collar
21:59 Scale Mail Armor
22:05 Scale Barding Armor
24:05 Chain Barding Armor
24:00 Chain Mail Armor
Connection lost

Rejoining the realm…

Still unreachable

The connection could not be restored.

Session expired

The server has moved on; the page needs a fresh start.